AoeStats
← MattAtArms

Arabia

518508289Analyzed
1v1 RM · 3d ago on Nov 3, 2026· 22m 25s· 2 players
Game mode
Random Map
Map size
Tiny (2 player)
Population
200
Speed
Normal
Resources
Standard
Victory
Conquest
Starting age
Dark Age
Ending age
Imperial Age
RankedLock teamsTeams togetherTeam positionsShared explorationLock speedFull tech treeHidden civsTurbo modeCheats
Victory
Defeat
🇬🇧 Malians · United Kingdom
1917
+12
vs
🇧🇷 Lithuanians · Brazil
1827
-12
MattAtArms
8:30 Loom
11:16 Feudal Age
11:26 Man-at-Arms
11:52 Double-Bit Axe
12:17 Horse Collar
14:41 Fletching
21:01 Castle Age
19:35 Padded Archer Armor
19:44 Gold Mining
21:04 Crossbowman
21:40 Bodkin Arrow
22:35 Bow Saw
GAX | Karecote
6:21 Loom
8:40 Feudal Age
9:30 Double-Bit Axe
13:33 Town Watch
16:44 Fletching
16:54 Padded Archer Armor
22:18 Castle Age
Connection lost

Rejoining the realm…

Still unreachable

The connection could not be restored.

Session expired

The server has moved on; the page needs a fresh start.